[Event "2nd El Ksiba Open 2019"]
[Site "El Ksiba"]
[Date "2019.04.08"]
[Round "1.5"]
[White "MAAZOUZI MOHAMED"]
[Black "Strikovic, Aleksa"]
[Result "0-1"]
[ECO "A34"]
[WhiteElo "1945"]
[BlackElo "2493"]
[Annotator "ChessBase"]
[PlyCount "86"]
[EventDate "2018.08.17"]
[EventType "swiss"]
[EventCountry "MAR"]
[SourceTitle "playchess.com"]
[Source "ChessBase"]
[SourceQuality "1"]
[TimeControl "5400+30"]

1. e4 c5 2. c4 Nc6 3. Nf3 Nf6 4. Nc3 e6 5. Be2 d5 6. cxd5 exd5 7. exd5 Nxd5 8. O-O Nc7 9. d3 Be7 10. Bf4 Ne6 11. Bg3 O-O 12. Re1 b6 13. Ne5 Nxe5 14. Bxe5 Bb7 15. Bf3 Bxf3 16. Qxf3 Bd6 17. Rad1 Re8 18. Qg3 Bxe5 19. Rxe5 f6 20. Re3 Nd4 21. Rde1 Nf5 22. Rxe8+ Qxe8 23. Rxe8+ Rxe8 24. Kf1 Nxg3+ 25. hxg3 f5 26. a4 Kf7 27. Nb5 Re7 28. Nc3 Rd7 29. Ke2 Rd4 30. Ke3 Rb4 31. b3 Rxb3 32. Nb5 a6 33. Nd6+ Ke6 34. Nc4 b5 35. axb5 axb5 36. Nd2 Rb2 37. Nf3 Kd5 38. Ng5 b4 39. Nh3 b3 40. Nf4+ Kd6 41. Nh5 g6 42. Nf6 Rc2 43. Nxh7 b2 {[%emt 0:00:00] Kd4 [%clk 0:00:00] Ke5+ [%clk 0:00:00]} 0-1

[Event "2nd El Ksiba Open 2019"]
[Site "El Ksiba"]
[Date "2019.04.08"]
[Round "1.6"]
[White "Maksimenko, Andrei"]
[Black "Tachfine, Anouar"]
[Result "1-0"]
[ECO "D36"]
[WhiteElo "2461"]
[BlackElo "1943"]
[Annotator "ChessBase"]
[PlyCount "53"]
[EventDate "2018.08.17"]
[EventType "swiss"]
[EventCountry "MAR"]
[SourceTitle "playchess.com"]
[Source "ChessBase"]
[SourceQuality "1"]
[TimeControl "5400+30"]

1. d4 Nf6 2. c4 e6 3. Nc3 d5 4. cxd5 exd5 5. Bg5 Be7 6. e3 Nbd7 7. Bd3 c6 8. Qc2 Nf8 9. Nge2 Nh5 10. Bxe7 Qxe7 11. h3 Ng6 12. O-O-O Bd7 13. Kb1 Nf6 14. g4 Nf8 15. Ng3 g6 16. f3 Qd6 17. Qf2 O-O-O 18. e4 Qc7 19. e5 Ng8 20. Rc1 Qa5 21. f4 Kb8 22. f5 gxf5 23. gxf5 Ne7 24. Nh5 Bc8 25. Rhg1 Nd7 26. Qh4 Ng6 27. Qg3 1-0

[Event "2nd El Ksiba Open 2019"]
[Site "El Ksiba"]
[Date "2019.04.08"]
[Round "1.8"]
[White "Larino Nieto, David"]
[Black "Cherigui, Mourad"]
[Result "1-0"]
[ECO "A30"]
[WhiteElo "2434"]
[BlackElo "1935"]
[Annotator "ChessBase"]
[PlyCount "105"]
[EventDate "2018.08.17"]
[EventType "swiss"]
[EventCountry "MAR"]
[SourceTitle "playchess.com"]
[Source "ChessBase"]
[SourceQuality "1"]
[TimeControl "5400+30"]

1. Nf3 Nf6 2. b3 g6 3. Bb2 Bg7 4. c4 O-O 5. g3 b6 6. Bg2 Bb7 7. O-O c5 8. Nc3 Nc6 9. Ne5 Qb8 10. Nd5 Nxd5 11. Nxd7 Qd6 12. Bxg7 Kxg7 13. cxd5 Qxd7 14. dxc6 Bxc6 15. Bxc6 Qxc6 16. Qc2 Qd5 17. d3 Rad8 18. Qc4 f5 19. Qxd5 Rxd5 20. Rfc1 Rfd8 21. a3 a5 22. Rab1 Ra8 23. Kf1 Kf7 24. Ke1 Ke6 25. Rc4 b5 26. Rh4 h5 27. a4 Rb8 28. axb5 Rxb5 29. Rc4 Rd4 30. Ra1 Kd6 31. Ra3 Kc6 32. Kd2 Kb6 33. Kc3 e5 34. f4 Rd6 35. Ra1 Re6 36. e4 Kc6 37. exf5 gxf5 38. fxe5 Kd5 39. Rca4 Reb6 40. R1a3 Ra6 41. e6 Rxe6 42. Rxa5 Rbb6 43. R3a4 Re1 44. Rf4 Rc1+ 45. Kb2 Re1 46. Rxf5+ Kd4 47. Raxc5 Re2+ 48. Rc2 Rxc2+ 49. Kxc2 Ra6 50. Rf4+ Ke3 51. Kc3 Ra2 52. Re4+ Kf3 53. Rh4 1-0

[Event "2nd El Ksiba Open 2019"]
[Site "El Ksiba"]
[Date "2019.04.08"]
[Round "1.10"]
[White "Naumkin, Igor"]
[Black "ELHIJAZI AMINE"]
[Result "1-0"]
[ECO "E97"]
[WhiteElo "2383"]
[BlackElo "1920"]
[Annotator "ChessBase"]
[PlyCount "55"]
[EventDate "2018.08.17"]
[EventType "swiss"]
[EventCountry "MAR"]
[SourceTitle "playchess.com"]
[Source "ChessBase"]
[SourceQuality "1"]
[TimeControl "5400+30"]

1. d4 Nf6 2. c4 g6 3. Nc3 Bg7 4. e4 d6 5. Nf3 O-O 6. Be2 Nc6 7. O-O e5 8. d5 Ne7 9. b4 a5 10. bxa5 Nd7 11. Nd2 Rxa5 12. a4 f5 13. Ba3 Nf6 14. Bb4 Ra8 15. c5 Ne8 16. Nc4 Rf6 17. Qb3 fxe4 18. Nxe4 Rf4 19. cxd6 Nxd5 20. Ne3 Be6 21. Bc4 c6 22. Nxd5 cxd5 23. Bxd5 Bxd5 24. Qxd5+ Kh8 25. Bc5 Ra5 26. Qxb7 Rxe4 27. d7 Raxa4 28. Qc8 1-0

[Event "2nd El Ksiba Open 2019"]
[Site "El Ksiba"]
[Date "2019.04.09"]
[Round "2.1"]
[White "Bauer, Christian"]
[Black "Benaddi, Mouhcine"]
[Result "1-0"]
[ECO "D00"]
[WhiteElo "2639"]
[BlackElo "2111"]
[Annotator "ChessBase"]
[PlyCount "59"]
[EventDate "2018.08.17"]
[EventType "swiss"]
[EventCountry "MAR"]
[SourceTitle "playchess.com"]
[Source "ChessBase"]
[SourceQuality "1"]
[TimeControl "5400+30"]

1. d4 c6 2. Bf4 d5 3. e3 Bf5 4. c4 e6 5. Qb3 Qb6 6. c5 Qa5+ 7. Nc3 b5 8. Nf3 Nd7 9. Be2 Ngf6 10. a4 Nh5 11. Nh4 Nxf4 12. exf4 b4 13. Nxd5 cxd5 14. Nxf5 exf5 15. Qxd5 b3+ 16. Kf1 Rb8 17. Bc4 Be7 18. Qxf7+ Kd8 19. Re1 Bf6 20. c6 Qc7 21. Qd5 Rb4 22. g3 Re8 23. Rxe8+ Kxe8 24. cxd7+ Kd8 25. Bb5 Rxd4 26. Qa8+ Ke7 27. Kg2 Rd2 28. Re1+ Kd6 29. Qf8+ Kd5 30. Re5+ 1-0

[Event "2nd El Ksiba Open 2019"]
[Site "El Ksiba"]
[Date "2019.04.09"]
[Round "2.2"]
[White "Lamrabet, Mohamed"]
[Black "Hamdouchi, Hicham"]
[Result "0-1"]
[ECO "B33"]
[WhiteElo "2107"]
[BlackElo "2584"]
[Annotator "ChessBase"]
[PlyCount "89"]
[EventDate "2018.08.17"]
[EventType "swiss"]
[EventCountry "MAR"]
[SourceTitle "playchess.com"]
[Source "ChessBase"]
[SourceQuality "1"]
[TimeControl "5400+30"]

1. e4 c5 2. Nf3 Nc6 3. d4 cxd4 4. Nxd4 Qb6 5. Nb3 Nf6 6. Nc3 e6 7. Be3 Qc7 8. Bd3 a6 9. O-O b5 10. f4 d6 11. Qf3 Bb7 12. Rad1 Be7 13. Kh1 O-O 14. Qh3 Nb4 15. Rf3 Rfe8 16. Rdf1 Nd7 17. Bd4 Bf8 18. Qh5 g6 19. Qh4 Qd8 20. Qf2 Nxd3 21. cxd3 f5 22. exf5 exf5 23. Re3 Rxe3 24. Qxe3 Qe8 25. Qg3 Rc8 26. h3 Qf7 27. Re1 Nf6 28. Qh4 Nh5 29. Re2 Re8 30. Rxe8 Qxe8 31. Qf2 b4 32. Nd1 Qb5 33. Qe3 Qd5 34. Qf2 Nxf4 35. Ne3 Nxd3 36. Qd2 Qe4 37. Qc2 Ne5 38. Bb6 f4 39. Nd2 Qxc2 40. Nxc2 Nd3 41. Bd4 Bd5 42. a3 b3 43. Na1 Nc1 44. Kh2 Kf7 45. Nb1 0-1

[Event "2nd El Ksiba Open 2019"]
[Site "El Ksiba"]
[Date "2019.04.09"]
[Round "2.4"]
[White "Messala, Noureddine"]
[Black "Grover, Sahaj"]
[Result "0-1"]
[ECO "D94"]
[WhiteElo "2090"]
[BlackElo "2511"]
[Annotator "ChessBase"]
[PlyCount "100"]
[EventDate "2018.08.17"]
[EventType "swiss"]
[EventCountry "MAR"]
[SourceTitle "playchess.com"]
[Source "ChessBase"]
[SourceQuality "1"]
[TimeControl "5400+30"]

1. d4 Nf6 2. Nf3 g6 3. c4 Bg7 4. Nc3 d5 5. e3 O-O 6. Be2 c5 7. O-O cxd4 8. exd4 Nc6 9. Ne5 Bf5 10. Be3 dxc4 11. Nxc6 bxc6 12. Bxc4 Qd6 13. f3 Rfd8 14. Rc1 Rab8 15. b3 Qb4 16. Qe1 Ne8 17. Qh4 Bf6 18. Qf4 Qd6 19. Ne4 Bxe4 20. fxe4 Qxf4 21. Rxf4 e6 22. Be2 Bxd4 23. Bxd4 Rxd4 24. Rxc6 Rd2 25. Bc4 Rxa2 26. Rf3 Rd8 27. Rd3 Rxd3 28. Bxd3 Nf6 29. Rc2 Rxc2 30. Bxc2 Kf8 31. h3 Ke7 32. Kf2 Kd6 33. Ke3 Kc5 34. g4 g5 35. Kd3 Nd7 36. Kc3 a5 37. Bd1 Ne5 38. Be2 Ng6 39. Bf1 Nf4 40. Kb2 Kb4 41. Kc2 h5 42. Kb2 h4 43. Kc2 Kc5 44. Kc3 f6 45. Kb2 Kd4 46. Ka3 Nd3 47. Bxd3 Kxd3 48. Ka4 Kxe4 49. Kxa5 f5 50. b4 fxg4 0-1

[Event "2nd El Ksiba Open 2019"]
[Site "El Ksiba"]
[Date "2019.04.09"]
[Round "2.7"]
[White "Oussedik, Mahfoud"]
[Black "Chennaoui, Yasin"]
[Result "0-1"]
[ECO "B45"]
[WhiteElo "2440"]
[BlackElo "2064"]
[Annotator "NA"]
[PlyCount "94"]
[EventDate "2018.08.17"]
[EventType "swiss"]
[EventCountry "MAR"]
[SourceTitle "playchess.com"]
[Source "ChessBase"]
[SourceQuality "1"]
[TimeControl "5400+30"]

1. e4 c5 2. Nf3 e6 3. d4 cxd4 4. Nxd4 Nf6 5. Nc3 Bb4 6. Bd3 Nc6 7. Be3 d5 8. exd5 Nxd5 9. Nxc6 bxc6 10. Bd2 Nxc3 11. bxc3 Bd6 12. Qg4 Qf6 13. O-O Qe5 14. g3 h5 15. Qf3 Bd7 16. Be4 Qc5 17. Be3 Qa3 18. Rad1 Ke7 19. Rxd6 Qxd6 20. Rd1 Qc7 21. Bc5+ Ke8 22. Rxd7 Kxd7 23. Qxf7+ Kd8 24. Qxe6 Re8 25. Qc4 Rb8 26. Qd4+ Qd7 27. Bxc6 Qxd4 28. cxd4 Re1+ 29. Kg2 a5 30. c4 Rb2 31. a4 Kc7 32. d5 Re4 33. Bb5 Rxb5 34. cxb5 Rxa4 35. Bf8 g6 36. Kf3 Rd4 37. d6+ Kd7 38. h3 a4 39. Ke3 Rd5 40. g4 hxg4 41. hxg4 a3 42. Bg7 a2 43. f4 Rxb5 44. Ke4 Rb4+ 45. Ke3 Rb1 46. f5 gxf5 47. gxf5 Kxd6 0-1

[Event "2nd El Ksiba Open 2019"]
[Site "El Ksiba"]
[Date "2019.04.09"]
[Round "2.9"]
[White "Zaibi, Amir"]
[Black "Douich, Mehdi"]
[Result "1-0"]
[ECO "E69"]
[WhiteElo "2395"]
[BlackElo "2022"]
[Annotator "NA"]
[PlyCount "61"]
[EventDate "2018.08.17"]
[EventType "swiss"]
[EventCountry "MAR"]
[SourceTitle "playchess.com"]
[Source "ChessBase"]
[SourceQuality "1"]
[TimeControl "5400+30"]

1. d4 Nf6 2. c4 g6 3. Nc3 Bg7 4. g3 O-O 5. Bg2 d6 6. Nf3 c6 7. O-O Qa5 8. h3 e5 9. e4 Nbd7 10. Be3 Qa6 {[%emt 0:03:43] E69: King's Indian: Fianchetto: 6...Nbd7 7 0-0 e5 8 e4 c6 9 h3} (10... exd4 11. Nxd4 Nb6 12. Nb3 Qa6 13. c5 Nc4 14. Bd4 dxc5 15. Nxc5 Qa5 16. Qe2 Nb6 17. a3 Nbd7 18. b4 Qc7 19. Rfd1 Re8 {1-0 (51) Cheparinov,I (2710)-Mchedlishvili,M (2603) Riadh 2017}) 11. Rc1 $146 ({Predecessor:} 11. b3 b5 12. cxb5 cxb5 13. dxe5 dxe5 14. a4 bxa4 15. Rxa4 Qb7 16. Qa1 Qxb3 17. Rb1 Qe6 18. Bxa7 Qc6 19. Ra5 {½-½ (38) Budai,D (2136)-Suto,G (2313) Szombathely 2003}) 11... Re8 (11... Qxc4 $11 12. Qd2 Qb4) 12. d5 c5 13. b4 cxb4 14. Nb5 Nc5 {[%emt 0:08:24] [#]} 15. Nc7 (15. a3 $1 $16 bxa3 16. Bxc5 (16. Nc7 Qa5 $16) 16... dxc5 17. Nc7 {[%mdl 64] Double Attack}) 15... Qa5 16. Nxe8 Nxe8 17. Nd2 Qc7 18. a3 bxa3 19. Ra1 f5 20. Rxa3 b6 21. exf5 gxf5 22. Qh5 Bd7 23. Bh6 Bf6 $16 24. g4 fxg4 25. Ne4 Nxe4 26. Bxe4 Qxc4 27. Re1 Ng7 28. Bxg7 Bxg7 29. hxg4 Be8 30. Bxh7+ Kf8 31. Rf3+ 1-0

[Event "2nd El Ksiba Open 2019"]
[Site "El Ksiba"]
[Date "2019.04.09"]
[Round "2.10"]
[White "Mounib, Abdelaziz"]
[Black "Naumkin, Igor"]
[Result "0-1"]
[ECO "C45"]
[WhiteElo "2020"]
[BlackElo "2383"]
[Annotator "ChessBase"]
[PlyCount "68"]
[EventDate "2018.08.17"]
[EventType "swiss"]
[EventCountry "MAR"]
[SourceTitle "playchess.com"]
[Source "ChessBase"]
[SourceQuality "1"]
[TimeControl "5400+30"]

1. e4 e5 2. Nf3 Nc6 3. d4 exd4 4. Nxd4 Bc5 5. Nb3 Bb6 6. Nc3 Nf6 7. Qe2 d6 8. Be3 Be6 9. O-O-O Qe7 10. g3 O-O 11. Bg2 Bxe3+ 12. Qxe3 Ne5 13. f4 Nc4 14. Qd4 c5 15. Qg1 Rab8 16. h3 b5 17. Re1 b4 18. Nd1 a5 19. e5 Nd7 20. g4 a4 21. Na1 Ndb6 22. f5 Qg5+ 23. Ne3 Bd5 24. h4 Qf4 25. Bxd5 Nxd5 26. Qf1 Qxf1 27. Nxf1 Nxe5 28. Rd1 Nf6 29. g5 Ne4 30. Rh2 a3 31. b3 Nc3 32. Rxd6 Nxa2+ 33. Kb1 Nc3+ 34. Kc1 Nf3 0-1